 Dungeon Crawl Stone Soup version 0.27.1-34-g3ba077fa99 (webtiles) character file.

Game seed: 14179423752599539804

91 styxcanada the Sneak (level 4, -2/23 HPs)
             Began as a Spriggan Brigand on Jan 7, 2022.
             Slain by a gnoll (3 damage)
             ... on level 3 of the Dungeon.
             The game lasted 00:06:55 (1792 turns).

styxcanada the Sneak (Spriggan Brigand)             Turns: 1792, Time: 00:06:56

Health: -2/23      AC:  3    Str:  7    XL:     4   Next: 33%
Magic:  5/5        EV: 16    Int: 12    God:
Gold:   32         SH:  5    Dex: 17    Spells: 3/3 levels left

rFire    . . .     SeeInvis +   a - +2 dagger
rCold    . . .     Faith    .   n - +0 buckler
rNeg     . . .     Spirit   .   b - +0 robe
rPois    .         Reflect  .   (helmet restricted)
rElec    .         Harm     .   c - +0 cloak
rCorr    .         Rampage  .   (gloves unavailable)
Will     .....                  (boots unavailable)
Stlth    ++++......             (no amulet)
HPRegen  0.07/turn              (no ring)
MPRegen  0.09/turn              (no ring)

@: very quick
A: very small, no large weapons, unfitting armour, see invisible, speed 3
a: no special abilities


You were on level 3 of the Dungeon.
You visited 1 branch of the dungeon, and saw 3 of its levels.

You collected 32 gold pieces.

Inventory:

Hand Weapons
 a - a +2 dagger (weapon)
 k - a +0 hunting sling
 m - a +1 vorpal mace
Missiles
 d - 14 poisoned darts (quivered)
 e - 2 curare-tipped darts
 h - 90 stones
Armour
 b - a +0 robe (worn)
 c - a +0 cloak (worn)
 n - a +0 buckler (worn)
Scrolls
 f - a scroll of summoning {unknown}
 g - a scroll of enchant armour {unknown}
 i - a scroll of holy word {unknown}
Potions
 j - a potion of attraction {unknown}
 l - a potion of haste {unknown}


   Skills:
 * Level 1.9 Fighting
 + Level 2.8 Short Blades
 + Level 2.1 Throwing
 * Level 2.0 Dodging
 * Level 7.8 Stealth
 * Level 0.2 Shields


You had 3 spell levels left.
You didn't know any spells.
Your spell library was empty.

Dungeon Overview and Level Annotations

Branches:
Dungeon (3/15)

Altars:


Innate Abilities, Weirdness & Mutations

You are very small and have problems with some larger weapons.
You are too small for most types of armour.
You have supernaturally acute eyesight. (SInv)
You cover ground extremely quickly. (Speed+++)


Message History

The gnoll is moderately wounded.
You hit the gnoll.
The gnoll is moderately wounded.
The gnoll hits you with a +0 whip!
You hit the gnoll.
The gnoll is heavily wounded.
You barely miss the gnoll.
The gnoll is heavily wounded.
The gnoll hits you with a +0 whip.
You hit the gnoll.
The gnoll is almost dead.
You kill the gnoll!
You see here a +0 whip.
You barely miss the gnoll. The gnoll hits you with a +0 club.
You hit the gnoll.
The gnoll is moderately wounded.
The gnoll closely misses you.
You hit the gnoll but do no damage.
The gnoll is moderately wounded.
You block the gnoll's attack.
You hit the gnoll.
The gnoll is moderately wounded.
You block the gnoll's attack.
You hit the gnoll but do no damage.
The gnoll is moderately wounded.
The gnoll completely misses you.
You hit the gnoll.
The gnoll is moderately wounded.
The gnoll misses you.
You hit the gnoll but do no damage.
The gnoll is moderately wounded.
The gnoll hits you with a +0 club!
* * * LOW HITPOINT WARNING * * *
You closely miss the gnoll.
The gnoll is moderately wounded.
The gnoll barely misses you.
You closely miss the gnoll.
The gnoll is moderately wounded.
The gnoll hits you with a +0 club.
You die...

#######.###
#.###..######<... #...###
#..# #.#†........
#.#...####.###...# #.....
#.###..........[.###.....
###.#
###........#...#.((.(
...## #......#..##.....(.
.... #......##.####.(...
####.###########..g...#...
#..).†@g....#.(.)....##
###########.#...!..#...
#....)...#### ###..[...#
#......# #......# #......#
########


You could see a gnoll.

Vanquished Creatures
  3 gnolls (D:3)
  3 adders
  A dart slug (D:1)
  2 ball pythons
  A giant cockroach (D:1)
  6 goblins
  3 hobgoblins
  7 kobolds
  3 bats
  2 frilled lizards
  4 rats
35 creatures vanquished.

Notes
Turn   | Place    | Note
-------+----------+-------------------------------------------
     0 | D:1      | styxcanada the Spriggan Brigand began the quest for the
                  | Orb.
     0 | D:1      | Reached XP level 1. HP: 10/10 MP: 2/2
    36 | D:1      | Reached skill level 6 in Stealth
    69 | D:1      | Found a faded altar of an unknown god.
   157 | D:1      | Reached XP level 2. HP: 14/14 MP: 3/3
   708 | D:2      | Reached skill level 7 in Stealth
   712 | D:2      | Reached XP level 3. HP: 18/18 MP: 4/4
  1644 | D:3      | Reached XP level 4. HP: 16/23 MP: 5/5
  1790 | D:3      | HP: 1/23 [gnoll (9)]
  1792 | D:3      | Slain by a gnoll

Illustrated notes

Levels and vault maps discovered:
D:1:      dpeg_arrival_tiny_a, layout_basic,
          ebering_ecumenical_altar_sacrificial
D:2:      layout_basic
D:3:      cheibrodos_pilgrimage, layout_rooms

Skill      XL: |  1  2  3  4 |
---------------+-------------+-----
Stealth        | 6 7 |  7.8
Dodging        | 2 |  2.0
Fighting       | |  1.9
Short Blades   | |  2.8
Throwing       | |  2.1
Shields        | |  0.2

Action                   |  1- 3 |  4- 6 || total
-------------------------+-------+-------++-------
Melee: Dagger            |    94 |    16 ||   110
Throw: Dart              |     9 |     6 ||    15
 Stab: Sleeping          |    14 |       ||    14
Armor: Robe              |    12 |       ||    12
Dodge: Dodged            |    48 |     5 ||    53
Block: Buckler           |     4 |     3 ||     7
